Map: King's Cove LE

Players

pHARM - Winner!

  • Race: Zerg Zerg
  • League: Platinum
  • Spawn Location: 5:00

Toaster

  • Race: Zerg Zerg
  • League: Diamond
  • Spawn Location: 11:00

VOD

Have the link to the VOD?

Description

Time

  • Played on: Aug. 5, 2019, 4:23 p.m.
  • Length: 18:08
Show
View Real Time Build Order
Export as new Build Order

pHARM Zerg - Winner!

Build Orders: Hatch First 

Get SALT Encoding   

  12  0:01  Drone  
  13  0:13  Drone  
  14  0:18  Overlord  
  14  0:22  Extractor  
  14  0:25  Drone  
  15  0:37  Drone x2  
  17  1:00  Hatchery  
  16  1:05  Drone x2  
  18  1:12  Drone  
  19  1:22  Spawning Pool  
  18  1:26  Drone  
  18  1:31  Drone  
  20  1:48  Drone, Extractor  
  20  2:08  Overlord  
  20  2:10  Drone  
  21  2:18  Queen x2  
  21  2:21  Zergling x2  
  21  2:22  Drone  
  27  2:24  Drone  
  27  2:27  Drone  
  29  2:38  Zergling x4  
  31  2:47  Overlord  
  31  2:53  Drone  
  32  3:00  Queen  
  33  3:17  Drone x6  
  39  3:20  Lair  
  39  3:45  Evolution Chamber  
  38  3:49  Zergling x2, Roach Warren  
  38  3:50  Zergling x10  
  28  4:32  Drone x10  
  38  4:44  Roach Warren  
  37  4:46  Overlord x2  
  37  4:48  Glial Reconstitution  
  37  4:52  Drone  
  38  4:55  Extractor  
  38  4:56  Extractor  
  36  5:12  Drone x3  
  39  5:31  Zergling x8  
  43  5:38  Evolution Chamber  
  39  5:49  Zergling x14  
  46  5:59  Evolution Chamber  
  41  6:06  Roach x2  
  41  6:07  Roach  
  44  6:22  Roach x3  
  44  6:33  Roach x2  
  47  6:40  Zergling x2  
  42  6:51  Roach Warren  
  32  7:15  Baneling Nest  
  31  7:17  Queen x2  
  31  7:18  Zergling x20  
  39  7:32  Roach x2  
  33  7:47  Drone x3  
  36  7:52  Queen  
  36  7:53  Queen  
  36  7:56  Drone  
  41  7:59  Baneling x2  
  41  8:03  Drone  
  41  8:04  Drone  
  43  8:06  Zerg Missile Weapons Level 1  
  43  8:17  Baneling x2  
  43  8:18  Drone, Baneling  
  43  8:19  Drone x2  
  40  8:38  Drone x2, Roach  
  40  8:39  Roach  
  46  8:46  Drone  
  46  8:47  Drone, Roach x2  
  43  9:13  Roach x3  
  43  9:14  Drone x3  
  52  9:26  Evolution Chamber  
  51  9:55  Hydralisk Den  
  42  10:34  Roach Warren  
  42  10:35  Grooved Spines  
  41  10:38  Overseer  
  41  10:48  Drone  
  42  11:00  Overlord x3  
  42  11:01  Overlord x3  
  42  11:03  Overlord  
  42  11:08  Drone x8  
  50  11:34  Overlord x2  
  50  11:38  Zerg Ground Armor Level 1  
  50  11:39  Zerg Missile Weapons Level 2  
  50  11:41  Roach  
  50  11:42  Roach x6  
  61  12:09  Hatchery  
  61  12:11  Roach  
  61  12:12  Roach x7  
  76  12:25  Drone x4  
  80  12:32  Drone x2  
  82  13:16  Spore Crawler  
  82  13:19  Spore Crawler  
  80  13:23  Spore Crawler  
  80  13:24  Hydralisk x2, Spore Crawler  
  80  13:25  Hydralisk x9  
  94  14:04  Hydralisk x4  
  94  14:09  Drone  
  96  14:10  Drone x4  
  100  14:30  Drone x4  
  90  14:39  Drone x2  
  84  14:51  Hatchery  
  65  15:04  Roach x6  
  77  15:35  Drone x4  
  81  15:40  Drone  
  81  15:41  Drone x11  
  79  16:31  Drone x12  
  88  16:40  Roach x2  
  88  16:41  Roach x2  
  84  16:47  Spore Crawler  
  84  16:48  Hydralisk  
  84  16:50  Queen  
  87  17:05  Hydralisk x4  
  95  17:12  Hydralisk  
  97  17:15  Hatchery  
  97  17:19  Queen  
  83  17:31  Hydralisk Den  
Show
View Real Time Build Order
Export as new Build Order

Toaster Zerg 

Build Orders: Hatch First 

Get SALT Encoding   

  12  0:01  Drone  
  13  0:12  Overlord  
  13  0:18  Drone  
  14  0:31  Drone x2  
  16  0:52  Hatchery  
  16  0:55  Drone  
  16  0:58  Drone  
  16  1:02  Drone  
  18  1:12  Extractor  
  17  1:20  Spawning Pool  
  17  1:22  Drone  
  17  1:25  Drone  
  18  1:29  Drone  
  19  1:40  Overlord  
  19  2:07  Queen x2  
  23  2:09  Zergling x6  
  23  2:12  Drone  
  27  2:17  Metabolic Boost  
  27  2:21  Drone  
  28  2:24  Drone  
  28  2:27  Drone  
  30  2:33  Drone  
  31  2:37  Overlord  
  31  2:49  Drone x2  
  33  2:54  Baneling Nest  
  33  2:57  Zergling x2  
  33  3:12  Zergling x6  
  33  3:19  Zergling x8  
  38  3:20  Zergling x4  
  39  3:31  Zergling x4  
  39  3:32  Zergling x2  
  42  3:44  Zergling x4  
  44  3:51  Baneling x4  
  44  3:55  Overlord x3  
  32  4:31  Zergling x4  
  32  4:32  Zergling x10  
  38  4:48  Zergling x4  
  40  4:54  Hatchery  
  40  4:55  Zergling x4  
  41  5:00  Baneling x4  
  41  5:04  Zergling x4  
  43  5:09  Zergling x12  
  47  5:36  Zergling x12  
  51  5:47  Zergling x10  
  51  5:48  Zergling x2  
  49  6:11  Zergling x2  
  49  6:12  Zergling x6  
  51  6:19  Zergling x2  
  47  6:32  Zergling x6  
  43  6:42  Zergling x2  
  43  6:43  Zergling x2  
  39  7:01  Zergling x4  
  36  7:06  Zergling x2  
  36  7:07  Zergling x6  
  39  7:10  Zergling x4  
  39  7:11  Zergling x4  
  42  7:18  Zergling x2  
  43  7:23  Baneling x2  
  42  7:33  Zergling x8  
  42  7:34  Zergling x4  
  47  7:42  Zergling x6  
  47  7:48  Zergling x14  
  51  7:55  Baneling  
  51  7:56  Baneling x4  
  51  7:58  Zergling x4  
  51  8:01  Zergling x2  
  51  8:02  Zergling x4  
  54  8:05  Queen  
  54  8:07  Queen  
  58  8:14  Zergling x6  
  58  8:19  Baneling x5  
  48  8:37  Zergling x12  
  51  8:44  Zergling x4  
  51  8:49  Drone x4  
  55  8:59  Zergling x2  
  55  9:00  Zergling x8  
  57  9:04  Zergling x2  
  57  9:07  Zergling x2  
  55  9:12  Zergling x4  
  53  9:24  Drone x2  
  53  9:25  Drone x7  
  62  9:40  Baneling  
  62  9:41  Baneling x14  
  62  9:43  Zergling x2  
  63  9:47  Extractor  
  63  9:51  Lair  
  45  10:25  Drone x3, Extractor  
  45  10:26  Drone x3  
  45  10:27  Drone  
  51  10:30  Drone  
  51  10:31  Drone x6  
  51  10:35  Extractor  
  57  10:39  Drone x3  
  57  10:40  Zergling x6  
  57  10:41  Zergling x6  
  66  10:45  Baneling x2  
  66  10:54  Extractor  
  66  10:56  Extractor  
  64  10:59  Spire  
  64  11:00  Drone x3  
  64  11:01  Drone  
  64  11:02  Drone x2  
  69  11:06  Drone  
  69  11:08  Drone x3  
  73  11:37  Nydus Network  
  73  11:38  Overseer  
  65  12:09  Zergling x4  
  65  12:10  Zergling x14  
  65  12:12  Overlord x5  
  65  12:15  Zerg Flyer Weapons Level 1  
  74  12:25  Overlord  
  74  12:26  Overlord x2  
  74  12:31  Mutalisk x7  
  74  12:32  Mutalisk x4  
  91  12:38  Zergling x6  
  88  12:48  Nydus Canal  
  83  12:52  Mutalisk x2  
  85  13:00  Mutalisk  
  84  13:09  Zergling x2, Mutalisk  
  84  13:10  Mutalisk x2  
  84  13:12  Zergling x2  
  88  13:18  Zergling x2  
  88  13:19  Zergling x2  
  89  13:27  Mutalisk  
  89  13:28  Mutalisk  
  88  13:53  Mutalisk x3  
  88  13:55  Zergling x6  
  85  13:56  Zergling x6  
  79  14:14  Zergling x16  
  74  14:24  Zergling x2  
  66  14:43  Zergling x4  
  63  14:50  Hatchery  
  63  14:52  Hatchery  
  56  14:59  Nydus Canal  
  56  15:02  Zergling x2  
  57  15:11  Zergling x2, Queen  
  60  15:24  Overseer  
  60  15:25  Zergling x4  
  62  15:40  Extractor  
  62  15:41  Extractor  
  60  15:43  Zergling x2  
  60  15:48  Baneling x8  
  61  15:55  Nydus Canal  
  52  16:22  Zergling x8  
Tags
 
Add a new tag
Caveats
  • Supply blocks, unpowered buildings, or Contaminate may cause inaccurate times.
  • Supply counts are checked every 10 seconds.